 Dungeon Crawl Stone Soup version 0.24.0-1-gfbc8707122 (console) character file.

Game seed: 4679470609295940755, levelgen mode: deterministic

51 AlterAsc the Sneak (level 3, -4/19 HPs)
             Began as a Vampire Enchanter on Oct 28, 2019.
             Slain by Mrkan's ghost (6 damage)
             ... on level 4 of the Dungeon.
             The game lasted 00:08:37 (1602 turns).

AlterAsc the Sneak (Vampire Enchanter)              Turns: 1602, Time: 00:08:38

Health: -4/19      AC:  3    Str:  8    XL:     3   Next: 58%
Magic:  6/6        EV: 12    Int: 17    God:
Gold:   130        SH:  0    Dex: 14    Spells: 3/6 levels left

rFire    . . .     SeeInvis +   a - +1 dagger
rCold    + + .     Gourm    .   (no shield)
rNeg     + + +     Faith    .   j - +0 leather armour
rPois    ∞         Spirit   .   (no helmet)
rElec    .         Reflect  .   (no cloak)
rCorr    +         Harm     .   (no gloves)
MR       .....                  (no boots)
Stlth    +++++.....             m - amulet of regeneration
HPRegen  0.00/turn              k - ring of resist corrosion
MPRegen  0.10/turn              (no ring)

@: bloodless, regenerating quickly
A: no food, fangs 3, see invisible, unbreathing
a: Bat Form, Revivify


You were on level 4 of the Dungeon.
You were bloodless.

You visited 1 branch of the dungeon, and saw 4 of its levels.

You collected 130 gold pieces.

Inventory:

Hand Weapons
 a - a +1 dagger (weapon)
Missiles
 c - 11 poisoned darts (quivered)
Armour
 b - a +0 robe
 j - a +0 leather armour (worn)
Jewellery
 k - a ring of resist corrosion (left hand)
 m - an amulet of regeneration (around neck)
Scrolls
 d - 5 scrolls of identify {unknown}
 e - 4 scrolls of teleportation {unknown}
 f - a scroll of enchant armour {unknown}
 i - a scroll of remove curse {unknown}
 n - a scroll of fog {unknown}
Potions
 h - a potion of haste {unknown}
 l - 2 potions of heal wounds {unknown}
Comestibles
 g - 3 rations


   Skills:
 + Level 1.8 Short Blades
 + Level 2.7 Dodging
 * Level 5.3 Stealth
 + Level 2.3 Spellcasting
 + Level 4.9 Hexes


You had 3 spell levels left.
You knew the following spells:

 Your Spells              Type           Power        Failure   Level  Hunger
a - Corona                Hex            ###....      3%          1    N/A
b - Ensorcelled Hibernat  Hex/Ice        ##....       16%         2    N/A

Your spell library contained the following spells:

 Spells                   Type           Power        Failure   Level  Hunger
 Confuse                  Hex            ###.....     11%         3    N/A
 Tukima's Dance           Hex            ###.....     11%         3    N/A
 Dazzling Spray           Conj/Hex       ##....       30%         3    N/A

Dungeon Overview and Level Annotations

Branches:
Dungeon (4/15)
 Temple: D:4-7

Altars:
Gozag

Annotations:
D:4 Mrkan's ghost, amateur TeFi


Innate Abilities, Weirdness & Mutations

You do not eat.
You do not regenerate when monsters are visible.
You are frail without blood (-20% HP).
You can heal yourself when you bite living creatures.
You are immune to poison.
You have razor-sharp teeth.
You have supernaturally acute eyesight. (SInv)
You can survive without breathing.


Message History

Mrkan's ghost hits you but does no damage.
You barely miss Mrkan's ghost. Your bite misses Mrkan's ghost.
Mrkan's ghost is moderately damaged.
Mrkan's ghost hits you.
You hit Mrkan's ghost but do no damage.
Mrkan's ghost is moderately damaged.
Mrkan's ghost closely misses you.
You hit Mrkan's ghost but do no damage.
You bite Mrkan's ghost, but do no damage.
Mrkan's ghost is moderately damaged.
Mrkan's ghost hits you!
Ouch! That really hurt!
* * * LOW HITPOINT WARNING * * *
Press: ? - help, v - describe, . - travel
Here: Mrkan's ghost (moderately damaged)
The floor.
You hit Mrkan's ghost but do no damage.
Mrkan's ghost is moderately damaged.
Mrkan's ghost hits you.
You die...

...#..#
#. #...
#.###.##
##.###..#
#..###..#
#......#
#....#
#@W# #..#
#..# #...
##.## .#
.# .#


You could see Mrkan's ghost.

Vanquished Creatures
  2 adders (D:2)
  A dart slug (D:1)
  5 bats
  2 giant cockroaches (D:1)
  2 goblins (D:1)
  4 hobgoblins (D:1)
  4 jackals
  2 kobolds
  2 quokkas (D:2)
  3 frilled lizards
27 creatures vanquished.

Notes
Turn   | Place    | Note
-------+----------+-------------------------------------------
     0 | D:1      | AlterAsc the Vampire Enchanter began the quest for the Orb.
     0 | D:1      | Reached XP level 1. HP: 13/13 MP: 3/3
   403 | D:1      | Reached XP level 2. HP: 11/15 MP: 5/5
   409 | D:1      | Learned a level 2 spell: Ensorcelled Hibernation
   706 | D:1      | Reached skill level 5 in Stealth
  1035 | D:2      | Reached XP level 3. HP: 19/19 MP: 1/6
  1557 | D:3      | Found a runed translucent gate.
  1557 | D:3      | Found a runed translucent gate.
  1569 | D:3      | Found an opulent altar of Gozag.
  1572 | D:3      | Found a runed translucent gate.
  1573 | D:3      | Noticed a crocodile
  1573 | D:3      | Noticed Mrkan's ghost (amateur TeFi)
  1602 | D:4      | Slain by Mrkan's ghost

Levels and vault maps discovered:
D:1:      kennysheep_arrival_forest, layout_rooms
D:2:      layout_rooms
D:3:      layout_rooms, ebering_ghost_gozag, first_ration
D:4:      layout_loops_ring, serial_shops, nicolae_shop_statue_plus,
          cheibrodos_ashenzari_chains

Skill      XL: |  1  2 |
---------------+-------+-----
Stealth        | 5 |  5.3
Short Blades   | |  1.8
Dodging        | |  2.7
Spellcasting   | |  2.3
Hexes          | |  4.9

Action                   || total
-------------------------++-------
Melee: Dagger            ||    90
       Bite              ||    10
Throw: Dart              ||     9
 Cast: Ensorcelled Hiber ||    18
 Abil: Exsanguinate      ||     1
 Stab: Sleeping          ||    14
       Distracted        ||     1
Armor: Robe              ||    33
       Leather armour    ||     1
Dodge: Dodged            ||    92
